 Dungeon Crawl Stone Soup version 0.19.5 (webtiles) character file.

286 JeffiDaFish the Digger (level 6, 0/32 HPs)
             Began as a Gargoyle Earth Elementalist on Mar 24, 2018.
             Slain by an orc wizard
             ... wielding a +0 dagger
              (1 damage)
             ... on level 4 of the Dungeon on Mar 29, 2018.
             The game lasted 00:23:07 (6014 turns).

JeffiDaFish the Digger (GrEE)                       Turns: 6014, Time: 00:23:08

Health: 0/32       AC:  7    Str: 11    XL:     6   Next: 30%
Magic:  0/12       EV: 12    Int: 18    God:
Gold:   71         SH:  0    Dex: 10    Spells: 3 memorised, 4 levels left

rFire  + . .     SeeInvis .     k - +0 short sword
rCold  x . .     Gourm    .     m - +0 robe
rNeg   + . .     Faith    .     (no shield)
rPois  ∞         Spirit   .     n - +0 helmet
rElec  +         Reflect  .     (no cloak)
rCorr  .         Harm     .     (no gloves)
MR     .....                    (no boots)
Stlth  ++........               (no amulet)
                                (no ring)
                                i - ring of fire

@: very slightly contaminated
A: negative energy resistance 1, electricity resistance, unbreathing,
petrification resistance, rot immunity, AC +4
a: no special abilities


You were on level 4 of the Dungeon.
You were very hungry.

You visited 1 branch of the dungeon, and saw 4 of its levels.

You collected 71 gold pieces.

Inventory:

Hand Weapons
 k - a +0 short sword (weapon)
Missiles
 b - 130 stones (quivered)
Armour
 m - a +0 robe (worn)
 n - a +0 helmet (worn)
Jewellery
 i - a ring of fire (left hand)
Scrolls
 a - 4 scrolls of identify
 f - a scroll of remove curse
Potions
 l - a potion of flight
Books
 e - a book of Geomancy

   Spells                             Type                      Level
   a - Sandblast                      Earth                        1
   b - Passwall                       Transmutation/Earth          2
   c - Stone Arrow                    Conjuration/Earth            3
   d - Petrify                        Transmutation/Earth          4
   e - Lee's Rapid Deconstruction     Earth                        5
Comestibles
 c - a slice of pizza
 d - 4 bread rations


   Skills:
 - Level 1.5 Dodging
 - Level 2.1 Stealth
 + Level 4.3 Spellcasting
   Level 0.7 Transmutations
 + Level 6.4 Earth Magic


You had 4 spell levels left.
You knew the following spells:

 Your Spells              Type           Power        Failure   Level  Hunger
a - Sandblast             Erth           ####..       1%          1    None
b - Stone Arrow           Conj/Erth      ###...       14%         3    ###....
c - Lee's Rapid Deconstr  Erth           ####......   28%         5    ######.


Dungeon Overview and Level Annotations

Branches:
Dungeon (4/15)
 Temple: D:4-7

Altars:
Cheibriados
Kikubaaqudgha

Annotations:
D:3 drakenwhacken's ghost, amateur HOFi
D:4 Pikel


Innate Abilities, Weirdness & Mutations

You are resistant to torment.
Your stone body is resilient. (AC +4)
You are immune to poison.
You resist negative energy. (rN+)
You are resistant to electric shocks. (rElec)
You can survive without breathing.
You are immune to petrification.
You are immune to rotting.


Message History

Pain shoots through your body!
* * * LOW HITPOINT WARNING * * *
Okay, then.
You hit the orc priest.
The orc priest is moderately wounded.
The orc priest barely misses you.
You hit the orc priest.
The orc priest is severely wounded.
The orc priest hits you but does no damage.
Casting: Sandblast
Confirm with . or Enter, or press ? or * to list all spells.
Aiming: Sandblast
Press: ? - help, Shift-Dir - straight line, f/p - orc priest
Aim: an orc priest, wielding a flail (severely wounded)
The blast of sand hits the orc priest.
You kill the orc priest!
You miss something. Something hits you but does no damage.
Something completely misses you.
You closely miss something. Something hits you.
You die...

#.#
#######.......
#.# ##.....
#.# #....
#.########
....
##p..o...## ..
######...##
###.p# ##{#
#@# ####.#
#...## #####


You could see a slave.

Vanquished Creatures
  A slave (D:4)
  A hound (D:4)
  An orc priest (D:4)
  An orc wizard (D:4)
  Robin (D:3)
  6 adders
  2 worms (D:2)
  3 dart slugs
  7 leopard geckos
  7 orcs
  A bat zombie (D:2)
  3 giant cockroaches
  22 goblins
  13 hobgoblins
  4 jackals (D:1)
  A quokka (D:2)
  2 ball pythons
  12 bats
  6 frilled lizards
  10 kobolds
  5 rats
  A rat zombie (D:2)
110 creatures vanquished.

Notes
Turn   | Place    | Note
-------+----------+-------------------------------------------
     0 | D:1      | JeffiDaFish the Gargoyle Earth Elementalist began the quest for the Orb.
     0 | D:1      | Reached XP level 1. HP: 10/10 MP: 3/3
   150 | D:1      | Reached XP level 2. HP: 10/15 MP: 0/5
   329 | D:1      | Reached skill level 4 in Earth Magic
  1101 | D:1      | Reached XP level 3. HP: 19/19 MP: 5/7
  1435 | D:2      | Learned a level 3 spell: Stone Arrow
  1665 | D:2      | Found a snail-covered altar of Cheibriados.
  1761 | D:2      | Reached XP level 4. HP: 16/24 MP: 1/8
  2797 | D:2      | Reached skill level 5 in Earth Magic
  2939 | D:2      | Found an ancient bone altar of Kikubaaqudgha.
  3339 | D:3      | Noticed drakenwhacken's ghost (amateur HOFi)
  3398 | D:3      | Reached XP level 5. HP: 28/28 MP: 1/10
  4041 | D:2      | Learned a level 5 spell: Lee's Rapid Deconstruction
  5024 | D:3      | Noticed Robin
  5067 | D:3      | Killed Robin
  5511 | D:4      | Reached skill level 6 in Earth Magic
  5511 | D:4      | Reached XP level 6. HP: 32/32 MP: 4/12
  5534 | D:4      | Noticed a slave
  5536 | D:4      | Noticed a slave
  5538 | D:4      | Noticed a slave
  5540 | D:4      | Noticed a slave
  5545 | D:4      | Noticed Pikel
  5575 | D:4      | HP: 1/32 [Pikel/whip of freezing (1)]
  6005 | D:4      | Killed a slave
  6009 | D:4      | HP: 1/32 [orc priest/nerve-wracking pain (2)]
  6014 | D:4      | Slain by an orc wizard

Skill      XL: |  1  2  3  4  5 |
---------------+----------------+-----
Earth Magic    | 4 5 6 |  6.4
Spellcasting   | 3 4 |  4.3
Dodging        | |  1.5
Stealth        | |  2.1
Transmutations | |  0.7

Action                   |  1- 3 |  4- 6 || total
-------------------------+-------+-------++-------
Melee: Unarmed           |    62 |       ||    62
       Short sword       |    28 |   210 ||   238
 Cast: Sandblast         |    67 |    73 ||   140
       Stone Arrow       |     1 |    27 ||    28
  Use: Potion            |     6 |     4 ||    10
       Scroll            |     2 |     4 ||     6
 Stab: Sleeping          |     1 |       ||     1
  Eat: Chunk             |     4 |    13 ||    17
       Royal jelly       |       |     1 ||     1
Armor: Robe              |    43 |   103 ||   146
Dodge: Dodged            |    99 |   191 ||   290
